 Dungeon Crawl Stone Soup version 0.17.0-28-g6e173f8 (webtiles) character file.

47 gorblad the Chopper (level 3, 0/30 HPs)
             Began as a Draconian Wanderer on Nov 30, 2015.
             Slain by a kobold (2 damage)
             ... on level 2 of the Dungeon.
             The game lasted 00:07:43 (1492 turns).

gorblad the Chopper (Draconian Wanderer)            Turns: 1492, Time: 00:07:43

Health: 0/30       AC:  5    Str: 13    XL:     3   Next: 48%
Magic:  0/7        EV: 10    Int: 14    God:
Gold:   71         SH:  3    Dex: 10    Spells: 1 memorised, 7 levels left

rFire  . . .     SeeInvis .     c - +0 hand axe
rCold  . . .     Clarity  .     (armour unavailable)
rNeg   . . .     SustAt   .     g - +0 buckler
rPois  .         Gourm    .     (helmet restricted)
rElec  .         Spirit   .     (no cloak)
rCorr  .         Warding  .     (no gloves)
rMut   .         Stasis   .     (no boots)
MR     .....                    (no amulet)
Stlth  +.........               (no ring)
                                (no ring)

@: very slightly contaminated, not resistant to hostile enchantments, very
unstealthy
A: unfitting armour, cold-blooded, AC +5
a: no special abilities


You were on level 2 of the Dungeon.
You were hungry.

You visited 1 branch of the dungeon, and saw 2 of its levels.

You collected 71 gold pieces.

Inventory:

Hand Weapons
 c - a +0 hand axe (weapon)
Armour
 g - a +0 buckler (worn)
Jewellery
 o - an uncursed ring of protection from cold {unknown}
Scrolls
 e - a scroll of enchant armour {unknown}
 h - a scroll of enchant weapon {unknown}
 j - 2 scrolls of identify {unknown}
 k - a scroll of fear {unknown}
 m - a scroll of remove curse {unknown}
 n - a scroll of teleportation {unknown}
Potions
 f - a potion of resistance {unknown}
 i - a potion of curing {unknown}
Books
 a - a book of Minor Magic

   Spells                             Type                      Level
   a - Magic Dart                     Conjuration                  1
   b - Blink                          Translocation                2
   c - Call Imp                       Summoning                    2
   d - Repel Missiles                 Charms/Air                   2
   e - Slow                           Hexes                        2
   f - Conjure Flame                  Conjuration/Fire             3
   g - Mephitic Cloud                 Conjuration/Poison/Air       3
 b - Beonuoha's Compendium of the Frostbite

   Spells                             Type                      Level
   a - Throw Frost                    Conjuration/Ice              2
   b - Ensorcelled Hibernation        Hexes/Ice                    2
Comestibles
 d - a bread ration
 l - 5 chunks of flesh


   Skills:
 + Level 2.5 Fighting
 - Level 4.0 Axes
 - Level 1.0 Throwing
 + Level 3.0 Spellcasting
   Level 1.0 Transmutations
   Level 1.0 Evocations


You had 7 spell levels left.
You knew the following spells:

 Your Spells              Type           Power        Failure   Level  Hunger
a - Magic Dart            Conj           #...         38%         1    #......


Dungeon Overview and Level Annotations

Branches:
Dungeon (2/15)

Altars:


Innate Abilities, Weirdness & Mutations

Your plain brown scales are hard (AC +5).
Your body does not fit into most forms of armour.
You are cold-blooded and may be slowed by cold attacks.


Message History

You are too injured to fight recklessly!
You are too injured to fight recklessly!
You are too injured to fight recklessly!
The kobold barely misses you.
You completely miss the kobold. The kobold barely misses you.
You closely miss the kobold. The kobold barely misses you.
You closely miss the kobold. The kobold hits you.
* * * LOW HITPOINT WARNING * * *
You hit the kobold but do no damage. You hit the worm.
The worm is lightly wounded.
You block the kobold's attack. The worm closely misses you.
Casting: Magic Dart
Confirm with . or Enter, or press ? or * to list all spells.
Aiming: Magic Dart
Press: ? - help, Shift-Dir - straight line, f/p - worm
Aim: a worm The magic dart hits the worm.
The worm is lightly wounded.
The kobold hits you.
You die...

#....# #.###.###
#....######.......#
#..........(....#.#
#.................#
#..............# #
#.......###...#####
+....w..'.........'
#.......#####...#.#
+.@K.....# ###.#.#
#........## #.#.#
#.........# #.#.#
#.......#.# #.#.#
#.......#.## #.#.#
#.......#..# #.#..
#.......##.## #.#.#
+.......##..# #.# #
#.......###.# #.# #


You could see a worm and a kobold.

Vanquished Creatures
  An adder (D:2)
  3 giant geckos
  A ball python (D:1)
  A giant cockroach (D:1)
  7 hobgoblins
  A quokka (D:2)
  5 bats
  5 giant newts
  2 goblins (D:1)
  3 kobolds
  7 rats
36 creatures vanquished.

Notes
Turn   | Place    | Note
--------------------------------------------------------------
     0 | D:1      | gorblad the Draconian Wanderer began the quest for the Orb.
     0 | D:1      | gorblad set off with: a book of Minor Magic, Beonuoha's Compendium of the Frostbite, a +0 hand axe, a bread ration
     0 | D:1      | Reached XP level 1. HP: 16/16 MP: 3/3
     2 | D:1      | Identified Beonuoha's Compendium of the Frostbite
     4 | D:1      | Learned a level 1 spell: Magic Dart
   538 | D:1      | Reached XP level 2. HP: 24/24 MP: 1/5
  1235 | D:2      | Reached XP level 3. HP: 24/29 MP: 2/7
  1492 | D:2      | Slain by a kobold

Action                   || total
-------------------------++-------
Melee: Hand axe          ||   122
 Cast: Magic Dart        ||    31
  Eat: Chunk             ||     2
